Colorado Rockies vs Anaheim Ducks
(R3)
Created - Tuesday, March 11, 2025 at 08:50
Goals
|
| Colorado Rockies |
1 |
1 |
2 |
4 |
| Anaheim Ducks |
1 |
1 |
0 |
2 |
|
Shots
|
| Colorado Rockies |
9 |
12 |
2 |
23 |
| Anaheim Ducks |
9 |
6 |
10 |
25 |
|
1st period
1. Colorado Rockies , Nikita Kucherov 12 (Quinn Hughes 11, Michael Bunting 9) at 2:26
2. Anaheim Ducks , Mason Marchment 5 (Morgan Rielly 9, Linus Ullmark) at 13:37
Penalties :
Nikita Kucherov (COL) for High sticking (Double Minor) at 15:34
2nd period
3. Anaheim Ducks , Brayden Schenn 16 (J.T. Compher 5) at 3:15 (SH)
4. Colorado Rockies , Kyle Connor 12 (Nikita Kucherov 13, Jesper Bratt 13) at 3:49 (PP)
Penalties :
Josh Manson (ANA) for Slashing (Minor) at 2:50, Mark Scheifele (ANA) for Hooking (Minor) at 4:06, Tim Stutzle (COL) for Interference (Minor) at 15:08, Alexandre Texier (ANA) for High sticking (Minor) at 19:47
3rd period
5. Colorado Rockies , David Pastrnak 7 (Kyle Connor 12) at 2:35 (PP)
6. Colorado Rockies , David Pastrnak 8 (Nick Schmaltz 15) at 4:23
Penalties :
Josh Manson (ANA) for Tripping (Minor) at 2:18, Mark Scheifele (ANA) for Roughing (Double Minor) at 6:08, Quinn Hughes (COL) for Hooking (Minor) at 19:04
Goalie Stats
Joey Daccord (COL), 23 saves from 25 shots - (0.920), W, 12-6-2, 60:00 minutes
Linus Ullmark (ANA), 19 saves from 23 shots - (0.826), L, 11-6-2, 60:00 minutes
Players Stats for Colorado Rockies
Player Name G A P +/- PIM S H SB GA TA FO MP PP MP PK MP
------------------------------------------------------------------------------------
David Pastrnak 2 0 2 0 0 3 1 1 1 0 0/1 21:27 4:22 2:39
Evgeny Kuznetsov 0 0 0 0 0 0 0 0 0 0 0/0 4:04 0:52 0:00
Jesper Bratt 0 1 1 0 0 1 0 1 0 1 0/2 19:15 4:00 2:54
Kevin Hayes 0 0 0 0 0 0 0 0 0 0 0/0 2:35 0:39 0:00
Kyle Connor 1 1 2 0 0 1 3 1 1 1 0/0 19:55 4:20 1:14
Kyle Palmieri 0 0 0 -1 0 3 2 0 0 0 1/3 15:12 0:29 2:16
Martin Fehervary 0 0 0 0 0 0 2 3 0 0 0/0 14:51 0:00 0:57
Michael Bunting 0 1 1 0 0 3 0 0 0 0 0/2 14:37 0:00 0:00
Nick Bonino 0 0 0 1 0 1 0 0 0 0 3/8 5:01 0:10 0:11
Nick Schmaltz 0 1 1 0 0 2 3 0 1 2 3/15 20:30 4:21 1:39
Nikita Kucherov 1 1 2 1 4 4 0 0 3 0 0/1 21:31 4:13 0:59
Nikita Zadorov 0 0 0 0 0 1 0 2 0 1 0/0 21:54 4:31 3:09
Philipp Kurashev 0 0 0 -1 0 0 1 1 0 0 4/8 10:31 0:00 0:00
Quinn Hughes 0 1 1 0 2 1 1 0 1 2 0/0 24:47 4:42 2:50
Tim Stutzle 0 0 0 0 2 1 4 0 0 1 11/22 18:27 4:13 1:54
Timothy Liljegren 0 0 0 0 0 0 1 0 1 1 0/0 12:22 0:00 0:38
Victor Hedman 0 0 0 0 0 2 1 1 2 3 0/0 25:44 4:42 3:06
Vince Dunn 0 0 0 0 0 0 1 0 0 1 0/0 20:21 4:31 3:06
Players Stats for Anaheim Ducks
Player Name G A P +/- PIM S H SB GA TA FO MP PP MP PK MP
------------------------------------------------------------------------------------
Alex Killorn 0 0 0 0 0 1 3 1 1 0 0/0 17:52 2:50 2:42
Alexandre Texier 0 0 0 -1 2 1 1 0 0 1 1/5 10:08 1:03 1:13
Alexey Toropchenko 0 0 0 -1 0 0 1 0 0 0 0/0 7:14 0:00 0:00
Brayden Schenn 1 0 1 1 0 1 1 2 1 2 0/2 20:17 2:50 4:52
Brenden Dillon 0 0 0 -1 0 0 1 1 0 0 0/0 15:59 0:24 3:01
Chandler Stephenson 0 0 0 0 0 1 1 0 0 1 6/7 12:30 0:37 2:42
Esa Lindell 0 0 0 1 0 0 2 1 0 1 0/0 25:29 2:37 5:59
Ivan Provorov 0 0 0 1 0 2 1 1 1 1 0/0 23:45 2:37 5:59
J.T. Compher 0 1 1 1 0 3 0 0 1 2 5/10 15:09 0:51 4:52
John Tavares 0 0 0 0 0 2 1 0 0 0 1/1 19:24 3:01 1:30
Josh Manson 0 0 0 -1 4 0 2 1 0 0 0/0 15:51 0:24 3:01
Joshua Morrissey 0 0 0 0 0 1 1 1 2 2 0/0 20:16 3:52 0:13
Luke Evangelista 0 0 0 -1 0 2 0 0 1 0 1/2 7:14 0:00 0:00
Mark Scheifele 0 0 0 0 6 2 0 0 1 0 14/22 18:21 3:12 0:00
Mason Marchment 1 0 1 0 0 2 0 0 2 0 0/0 9:07 0:13 0:00
Morgan Rielly 0 1 1 0 0 2 2 1 0 0 0/0 18:38 3:52 0:13
Nazem Kadri 0 0 0 0 0 2 2 0 1 0 10/11 15:28 2:50 0:35
William Nylander 0 0 0 0 0 3 1 1 2 0 2/2 18:00 3:12 0:00
3 Stars
1 - David Pastrnak (COL)
2 - Kyle Connor (COL)
3 - Brayden Schenn (ANA)
Power Play
Colorado Rockies - 2 on 6 Attempt(s) - 33.33%
Anaheim Ducks - 0 on 4 Attempt(s) - 0.00%
Penalty Kill
Colorado Rockies - 4 on 4 Attempt(s) - 100.00%
- Score 0 goal in Penalty Kill
Anaheim Ducks - 4 on 6 Attempt(s) - 66.67%
- Score 1 goal in Penalty Kill
Team Stat
Colorado Rockies - Hits : 20 - Faceoff Wins : 22 - Blocked Shots : 10 - Penalty Minutes : 8
Anaheim Ducks - Hits : 20 - Faceoff Wins : 40 - Blocked Shots : 10 - Penalty Minutes : 12
Official
Referees : Francois St Laurent and Ian Walsh
Linesman : Tommy Hughes and Andrew Smith
Game Notes
No Game Note
Finance
Level 1 -- Attendance: 5204 (86.73%) -- Ticket Income $520,400
Level 2 -- Attendance: 4062 (81.24%) -- Ticket Income $243,720
Level 3 -- Attendance: 2070 (69.00%) -- Ticket Income $95,220
Level 4 -- Attendance: 3583 (71.66%) -- Ticket Income $89,575
Luxury Box -- Attendance: 765 (76.50%) -- Ticket Income $153,000
Game was played at the Honda Center.
Total Attendance: 15684 (78.42%)
Total Ticket Income: $1,101,915
Other Income: $385,670
Total Income: $1,487,585
Colorado Rockies
5 vs 5 Forward
Center Left Wing Right Wing Time % Phy DF OF
1 Tim Stutzle Jesper Bratt Nikita Kucherov 30 1 2 2
2 Nick Schmaltz Kyle Connor David Pastrnak 30 1 2 2
3 Philipp Kurashev Kyle Palmieri Michael Bunting 25 1 2 2
4 Nick Bonino Michael Bunting Nikita Kucherov 15 1 2 2
5 vs 5 Defense
Defense Defense Time % Phy DF OF
1 Victor Hedman Quinn Hughes 30 1 2 2
2 Nikita Zadorov Martin Fehervary 30 1 2 2
3 Vince Dunn Timothy Liljegren 25 1 2 2
4 Victor Hedman Quinn Hughes 15 1 2 2
PowerPlay Forward
Center Left Wing Right Wing Time % Phy DF OF
1 Tim Stutzle Jesper Bratt Nikita Kucherov 50 1 2 2
2 Nick Schmaltz Kyle Connor David Pastrnak 50 1 2 2
PowerPlay Defense
Defense Defense Time % Phy DF OF
1 Victor Hedman Quinn Hughes 50 1 2 2
2 Nikita Zadorov Vince Dunn 50 1 2 2
Penalty Kill 4 Players Forward
Center Wing Time % Phy DF OF
1 Nikita Kucherov David Pastrnak 50 1 2 2
2 Tim Stutzle Jesper Bratt 50 1 2 2
Penalty Kill 4 Players Defense
Defense Defense Time % Phy DF OF
1 Victor Hedman Vince Dunn 50 1 2 2
2 Nikita Zadorov Quinn Hughes 50 1 2 2
Penalty Kill - 3 Players Forward
Forward Time % Phy DF OF
1 Nikita Kucherov 50 1 2 2
2 David Pastrnak 50 1 2 2
Penalty Kill - 3 Players Defense
Defense Defense Time % Phy DF OF
1 Victor Hedman Vince Dunn 50 1 2 2
2 Nikita Zadorov Quinn Hughes 50 1 2 2
4 vs 4 Forward
Center Wing Time % Phy DF OF
1 Nikita Kucherov David Pastrnak 50 1 2 2
2 Tim Stutzle Jesper Bratt 50 1 2 2
4 vs 4 Defense
Defense Defense Time % Phy DF OF
1 Victor Hedman Quinn Hughes 50 1 2 2
2 Nikita Zadorov Vince Dunn 50 1 2 2
Last Minutes Offensive
Center Left Wing Right Wing Defense Defense
Tim Stutzle Jesper Bratt Nikita Kucherov Victor Hedman Quinn Hughes
Last Minutes Defensive
Center Left Wing Right Wing Defense Defense
Tim Stutzle Jesper Bratt Nikita Kucherov Victor Hedman Quinn Hughes
Goaltenders
Starting : Joey Daccord
Backup : Arvid Soderblom
Extra Forwards
Normal : Evgeny Kuznetsov, Kevin Hayes, Kyle Palmieri - PP : Evgeny Kuznetsov, Kevin Hayes - PK : Kyle Palmieri
Extra Defensemen
Normal : Vince Dunn, Victor Hedman, Nikita Zadorov - PP : Vince Dunn - PK : Victor Hedman, Nikita Zadorov
Penalty Shots
Nikita Kucherov, David Pastrnak, Tim Stutzle, Jesper Bratt, Kyle Connor
Scratches
Andrew Peeke (Back Spasms Injury), Daniil Tarasov (Healthy)
Anaheim Ducks
5 vs 5 Forward
Center Left Wing Right Wing Time % Phy DF OF
1 Mark Scheifele John Tavares William Nylander 40 1 2 2
2 Nazem Kadri Brayden Schenn Alex Killorn 30 1 2 2
3 Chandler Stephenson J.T. Compher Mason Marchment 20 1 2 2
4 Alexandre Texier Alexey Toropchenko Luke Evangelista 10 1 2 2
5 vs 5 Defense
Defense Defense Time % Phy DF OF
1 Esa Lindell Joshua Morrissey 40 1 2 2
2 Ivan Provorov Morgan Rielly 35 1 2 2
3 Brenden Dillon Josh Manson 25 1 2 2
4 Esa Lindell Ivan Provorov 0 1 2 2
PowerPlay Forward
Center Left Wing Right Wing Time % Phy DF OF
1 Mark Scheifele John Tavares William Nylander 60 1 1 3
2 Nazem Kadri Brayden Schenn Alex Killorn 40 1 1 3
PowerPlay Defense
Defense Defense Time % Phy DF OF
1 Morgan Rielly Joshua Morrissey 60 1 1 3
2 Ivan Provorov Esa Lindell 40 1 2 2
Penalty Kill 4 Players Forward
Center Wing Time % Phy DF OF
1 J.T. Compher Brayden Schenn 60 1 3 1
2 Chandler Stephenson Alex Killorn 40 1 3 1
Penalty Kill 4 Players Defense
Defense Defense Time % Phy DF OF
1 Esa Lindell Ivan Provorov 60 1 3 1
2 Josh Manson Brenden Dillon 40 1 3 1
Penalty Kill - 3 Players Forward
Forward Time % Phy DF OF
1 J.T. Compher 60 1 4 0
2 Brayden Schenn 40 1 4 0
Penalty Kill - 3 Players Defense
Defense Defense Time % Phy DF OF
1 Esa Lindell Ivan Provorov 60 1 4 0
2 Josh Manson Brenden Dillon 40 1 4 0
4 vs 4 Forward
Center Wing Time % Phy DF OF
1 Mark Scheifele William Nylander 60 1 2 2
2 Nazem Kadri John Tavares 40 1 2 2
4 vs 4 Defense
Defense Defense Time % Phy DF OF
1 Esa Lindell Joshua Morrissey 60 1 2 2
2 Morgan Rielly Ivan Provorov 40 1 2 2
Last Minutes Offensive
Center Left Wing Right Wing Defense Defense
Mark Scheifele John Tavares William Nylander Joshua Morrissey Morgan Rielly
Last Minutes Defensive
Center Left Wing Right Wing Defense Defense
J.T. Compher Alex Killorn Brayden Schenn Ivan Provorov Esa Lindell
Goaltenders
Starting : Linus Ullmark
Backup : James Reimer
Extra Forwards
Normal : William Nylander, Mark Scheifele, John Tavares - PP : William Nylander, Mark Scheifele - PK : J.T. Compher
Extra Defensemen
Normal : Esa Lindell, Morgan Rielly, Brenden Dillon - PP : Joshua Morrissey - PK : Esa Lindell, Ivan Provorov
Penalty Shots
Alexandre Texier, Brenden Dillon, Mark Scheifele, John Tavares, Brayden Schenn
Scratches
Jakob Chychrun (Healthy)
% Time on Ice - Colorado Rockies
Lines # - Real PCT - Wanted PCT - Time Play
Normal Forward
1 - 28% - 30% - 12:22
2 - 37% - 30% - 16:21
3 - 24% - 25% - 10:31
4 - 11% - 15% - 4:40
Normal Defense
1 - 31% - 30% - 13:37
2 - 32% - 30% - 14:14
3 - 27% - 25% - 11:44
4 - 10% - 15% - 4:19
PP Forward
1 - 51% - 50% - 4:42
2 - 49% - 50% - 4:31
PP Defense
1 - 51% - 50% - 4:42
2 - 49% - 50% - 4:31
PK Forward
1 - 56% - 50% - 3:50
2 - 44% - 50% - 3:03
PK Defense
1 - 45% - 50% - 3:06
2 - 55% - 50% - 3:47
PK3 Forward
1 - 0% - 50%
2 - 0% - 50%
PK3 Defense
1 - 0% - 50%
2 - 0% - 50%
44 Forward
1 - 0% - 50%
2 - 0% - 50%
44 Defense
1 - 0% - 50%
2 - 0% - 50%
Last Minute Offensive - 0:00
Last Minute Defensive - 0:00
Total
Forward - 60:00
Defense - 60:00
|
% Time on Ice - Anaheim Ducks
Lines # - Real PCT - Wanted PCT - Time Play
Normal Forward
1 - 35% - 40% - 15:30
2 - 28% - 30% - 12:20
3 - 20% - 20% - 8:50
4 - 16% - 10% - 7:14
Normal Defense
1 - 38% - 40% - 16:36
2 - 34% - 35% - 14:58
3 - 27% - 25% - 11:43
4 - 1% - 0% - 0:37
PP Forward
1 - 59% - 60% - 4:03
2 - 41% - 40% - 2:50
PP Defense
1 - 62% - 60% - 4:16
2 - 38% - 40% - 2:37
PK Forward
1 - 71% - 60% - 6:31
2 - 29% - 40% - 2:42
PK Defense
1 - 65% - 60% - 5:59
2 - 35% - 40% - 3:14
PK3 Forward
1 - 0% - 60%
2 - 0% - 40%
PK3 Defense
1 - 0% - 60%
2 - 0% - 40%
44 Forward
1 - 0% - 60%
2 - 0% - 40%
44 Defense
1 - 0% - 60%
2 - 0% - 40%
Last Minute Offensive - 0:00
Last Minute Defensive - 0:00
Total
Forward - 60:00
Defense - 60:00
|
Play-by-Play
1st period
0:01 of 1st period - Mark Scheifele wins face-off versus Jesper Bratt in neutral zone.
0:06 of 1st period - Backhand shot by William Nylander.
0:06 of 1st period - Shot Misses the Net.
1:16 of 1st period - Snap shot by John Tavares.
1:16 of 1st period - Shot Blocked by Martin Fehervary.
1:18 of 1st period - Snap shot by Morgan Rielly.
1:18 of 1st period - Shot Blocked by Martin Fehervary.
1:20 of 1st period - Wrist shot by Ivan Provorov.
1:20 of 1st period - Stopped by Joey Daccord without a rebound.
1:21 of 1st period - Philipp Kurashev wins face-off versus Mark Scheifele in Colorado Rockies zone.
1:32 of 1st period - Slapshot by Kyle Palmieri.
1:32 of 1st period - Stopped by Linus Ullmark with a rebound.
1:38 of 1st period - Slapshot by Mark Scheifele.
1:38 of 1st period - Stopped by Joey Daccord without a rebound.
1:39 of 1st period - Luke Evangelista wins face-off versus Nick Bonino in Colorado Rockies zone.
2:20 of 1st period - Slapshot by Michael Bunting.
2:20 of 1st period - Shot Blocked by Josh Manson.
2:22 of 1st period - Wrist shot by Michael Bunting.
2:22 of 1st period - Shot Misses the Net.
2:24 of 1st period - Snap shot by Michael Bunting.
2:24 of 1st period - Shot Misses the Net.
2:26 of 1st period - Snap shot by Quinn Hughes.
2:26 of 1st period - Deflect By Nikita Kucherov.
2:26 of 1st period - Goal by Nikita Kucherov - Colorado Rockies : 1 - Anaheim Ducks : 0.
2:27 of 1st period - Nazem Kadri wins face-off versus David Pastrnak in neutral zone.
3:01 of 1st period - Slapshot by Mason Marchment.
3:01 of 1st period - Deflect By J.T. Compher.
3:01 of 1st period - Shot Blocked by Philipp Kurashev.
3:01 of 1st period - Puck is out of play.
3:02 of 1st period - Chandler Stephenson wins face-off versus Tim Stutzle in Colorado Rockies zone.
3:07 of 1st period - Wrist shot by J.T. Compher.
3:07 of 1st period - Stopped by Joey Daccord without a rebound.
3:08 of 1st period - Chandler Stephenson wins face-off versus Nikita Kucherov in Colorado Rockies zone.
3:41 of 1st period - Slapshot by Brayden Schenn.
3:41 of 1st period - Deflect By Nazem Kadri.
3:41 of 1st period - Stopped by Joey Daccord without a rebound.
3:42 of 1st period - William Nylander wins face-off versus Nick Schmaltz in Colorado Rockies zone.
4:09 of 1st period - Martin Fehervary is hit by Josh Manson and loses puck.
4:16 of 1st period - Snap shot by Michael Bunting.
4:16 of 1st period - Shot Blocked by Alex Killorn.
4:18 of 1st period - Slapshot by Nikita Zadorov.
4:18 of 1st period - Stopped by Linus Ullmark without a rebound.
4:19 of 1st period - Tim Stutzle wins face-off versus Alexandre Texier in Anaheim Ducks zone.
4:36 of 1st period - Wrist shot by Jesper Bratt.
4:36 of 1st period - Shot Misses the Net.
4:46 of 1st period - Joshua Morrissey is hit by Kyle Connor and loses puck.
5:17 of 1st period - Snap shot by Mason Marchment.
5:17 of 1st period - Stopped by Joey Daccord with a rebound.
5:36 of 1st period - Off-side.
5:37 of 1st period - Nazem Kadri wins face-off versus Tim Stutzle in neutral zone.
5:40 of 1st period - Tim Stutzle is hit by Nazem Kadri and loses puck.
6:01 of 1st period - Snap shot by Nikita Kucherov.
6:01 of 1st period - Shot Misses the Net.
6:11 of 1st period - Slapshot by Nazem Kadri.
6:11 of 1st period - Shot Misses the Net.
6:13 of 1st period - Wrist shot by Brayden Schenn.
6:13 of 1st period - Shot Blocked by Martin Fehervary.
6:25 of 1st period - Snap shot by Nazem Kadri.
6:25 of 1st period - Deflect By Nikita Kucherov.
6:25 of 1st period - Shot Blocked by Nikita Zadorov.
6:25 of 1st period - Puck is out of play.
6:26 of 1st period - Mark Scheifele wins face-off versus Nick Schmaltz in Colorado Rockies zone.
6:27 of 1st period - Slapshot by William Nylander.
6:27 of 1st period - Shot Misses the Net.
6:53 of 1st period - Morgan Rielly is hit by Philipp Kurashev and loses puck.
9:59 of 1st period - Icing by Brenden Dillon.
10:00 of 1st period - Nick Bonino wins face-off versus Alexandre Texier in Anaheim Ducks zone.
10:03 of 1st period - Slapshot by Quinn Hughes.
10:03 of 1st period - Stopped by Linus Ullmark with a rebound.
10:27 of 1st period - Brenden Dillon is hit by Kyle Connor and loses puck.
11:04 of 1st period - Snap shot by Nikita Kucherov.
11:04 of 1st period - Stopped by Linus Ullmark without a rebound.
11:05 of 1st period - John Tavares wins face-off versus Nick Schmaltz in Anaheim Ducks zone.
11:18 of 1st period - Snap shot by William Nylander.
11:18 of 1st period - Shot Misses the Net.
11:20 of 1st period - Slapshot by Ivan Provorov.
11:20 of 1st period - Deflect By William Nylander.
11:20 of 1st period - Shot Misses the Net.
11:20 of 1st period - Puck is out of play.
11:21 of 1st period - Nick Bonino wins face-off versus Chandler Stephenson in Colorado Rockies zone.
12:05 of 1st period - Snap shot by Kyle Palmieri.
12:05 of 1st period - Shot Misses the Net.
12:07 of 1st period - Wrist shot by Kyle Palmieri.
12:07 of 1st period - Stopped by Linus Ullmark with a rebound.
12:09 of 1st period - Backhand shot by Kyle Palmieri.
12:09 of 1st period - Stopped by Linus Ullmark with a rebound.
12:11 of 1st period - Snap shot by Kyle Palmieri.
12:11 of 1st period - Deflect By Michael Bunting.
12:11 of 1st period - Stopped by Linus Ullmark without a rebound.
12:12 of 1st period - Nazem Kadri wins face-off versus Tim Stutzle in Anaheim Ducks zone.
12:12 of 1st period - Nazem Kadri is hit by Tim Stutzle.
12:22 of 1st period - Snap shot by Nikita Kucherov.
12:22 of 1st period - Deflect By Brayden Schenn.
12:22 of 1st period - Shot Blocked by Joshua Morrissey.
12:22 of 1st period - Puck is out of play.
12:23 of 1st period - Philipp Kurashev wins face-off versus Mark Scheifele in Anaheim Ducks zone.
12:50 of 1st period - Alex Killorn is hit by Martin Fehervary and loses puck.
13:19 of 1st period - Chandler Stephenson is hit by Tim Stutzle and loses puck.
13:37 of 1st period - Wrist shot by Mason Marchment.
13:37 of 1st period - Goal by Mason Marchment - Colorado Rockies : 1 - Anaheim Ducks : 1.
13:38 of 1st period - Mark Scheifele wins face-off versus Michael Bunting in neutral zone.
13:53 of 1st period - Wrist shot by Michael Bunting.
13:53 of 1st period - Shot Misses the Net.
14:03 of 1st period - Nick Schmaltz is hit by Alex Killorn and loses puck.
14:14 of 1st period - Snap shot by Nazem Kadri.
14:14 of 1st period - Shot Misses the Net.
14:46 of 1st period - Backhand shot by Luke Evangelista.
14:46 of 1st period - Stopped by Joey Daccord with a rebound.
15:29 of 1st period - Off-side.
15:30 of 1st period - Nazem Kadri wins face-off versus Tim Stutzle in neutral zone.
15:34 of 1st period - Double Minor Penalty to Nikita Kucherov for High sticking.
15:35 of 1st period - Mark Scheifele wins face-off versus Kyle Palmieri in Colorado Rockies zone.
15:36 of 1st period - Snap shot by William Nylander.
15:36 of 1st period - Stopped by Joey Daccord with a rebound.
15:38 of 1st period - Backhand shot by Morgan Rielly.
15:38 of 1st period - Stopped by Joey Daccord without a rebound.
15:39 of 1st period - William Nylander wins face-off versus Kyle Palmieri in Colorado Rockies zone.
16:12 of 1st period - Slapshot by Brayden Schenn.
16:12 of 1st period - Shot Misses the Net.
17:01 of 1st period - Morgan Rielly is hit by Nick Schmaltz and loses puck.
19:34 of 1st period - Penalty to Nikita Kucherov is over, Nikita Kucherov is back on ice.
19:52 of 1st period - Wrist shot by Nikita Kucherov.
19:52 of 1st period - Stopped by Linus Ullmark without a rebound.
19:53 of 1st period - Chandler Stephenson wins face-off versus Philipp Kurashev in Anaheim Ducks zone.
Goals for this period are 1 for Colorado Rockies vs 1 for Anaheim Ducks.
Shots for this period are 9 for Colorado Rockies vs 9 for Anaheim Ducks.
2nd period
0:01 of 2nd period - Mark Scheifele wins face-off versus Tim Stutzle in neutral zone.
0:27 of 2nd period - Off-side.
0:28 of 2nd period - Nazem Kadri wins face-off versus Nick Schmaltz in neutral zone.
0:41 of 2nd period - Wrist shot by Nick Schmaltz.
0:41 of 2nd period - Stopped by Linus Ullmark without a rebound.
0:42 of 2nd period - Mark Scheifele wins face-off versus Philipp Kurashev in Anaheim Ducks zone.
1:07 of 2nd period - Nikita Kucherov is hit by Alex Killorn and loses puck.
2:14 of 2nd period - Icing by Alexey Toropchenko.
2:15 of 2nd period - Tim Stutzle wins face-off versus Luke Evangelista in Anaheim Ducks zone.
2:50 of 2nd period - Minor Penalty to Josh Manson for Slashing.
2:51 of 2nd period - Tim Stutzle wins face-off versus J.T. Compher in Anaheim Ducks zone.
3:01 of 2nd period - Snap shot by Nikita Kucherov.
3:01 of 2nd period - Stopped by Linus Ullmark without a rebound.
3:02 of 2nd period - Nick Schmaltz wins face-off versus J.T. Compher in Anaheim Ducks zone.
3:05 of 2nd period - Snap shot by Nick Schmaltz.
3:05 of 2nd period - Stopped by Linus Ullmark without a rebound.
3:06 of 2nd period - J.T. Compher wins face-off versus Nick Schmaltz in Anaheim Ducks zone.
3:15 of 2nd period - Snap shot by Brayden Schenn.
3:15 of 2nd period - Goal by Brayden Schenn - Colorado Rockies : 1 - Anaheim Ducks : 2.
3:16 of 2nd period - Tim Stutzle wins face-off versus J.T. Compher in neutral zone.
3:23 of 2nd period - Snap shot by Nikita Kucherov.
3:23 of 2nd period - Shot Blocked by Brayden Schenn.
3:25 of 2nd period - Slapshot by Nikita Zadorov.
3:25 of 2nd period - Deflect By Tim Stutzle.
3:25 of 2nd period - Stopped by Linus Ullmark with a rebound.
3:27 of 2nd period - Slapshot by Tim Stutzle.
3:27 of 2nd period - Shot Misses the Net.
3:49 of 2nd period - Backhand shot by Kyle Connor.
3:49 of 2nd period - Goal by Kyle Connor - Colorado Rockies : 2 - Anaheim Ducks : 2.
3:50 of 2nd period - Mark Scheifele wins face-off versus Nick Bonino in neutral zone.
3:53 of 2nd period - Slapshot by John Tavares.
3:53 of 2nd period - Stopped by Joey Daccord with a rebound.
3:59 of 2nd period - Snap shot by Michael Bunting.
3:59 of 2nd period - Shot Blocked by William Nylander.
4:03 of 2nd period - Snap shot by Michael Bunting.
4:03 of 2nd period - Stopped by Linus Ullmark without a rebound.
4:04 of 2nd period - Mark Scheifele wins face-off versus Tim Stutzle in Anaheim Ducks zone.
4:06 of 2nd period - Minor Penalty to Mark Scheifele for Hooking.
4:07 of 2nd period - J.T. Compher wins face-off versus Nick Schmaltz in Anaheim Ducks zone.
4:15 of 2nd period - Slapshot by Victor Hedman.
4:15 of 2nd period - Shot Misses the Net.
4:17 of 2nd period - Slapshot by Victor Hedman.
4:17 of 2nd period - Stopped by Linus Ullmark with a rebound.
4:19 of 2nd period - Slapshot by Victor Hedman.
4:19 of 2nd period - Deflect By Brayden Schenn.
4:19 of 2nd period - Stopped by Linus Ullmark without a rebound.
4:20 of 2nd period - Nick Schmaltz wins face-off versus Brayden Schenn in Anaheim Ducks zone.
4:27 of 2nd period - Snap shot by David Pastrnak.
4:27 of 2nd period - Shot Blocked by Ivan Provorov.
4:29 of 2nd period - Snap shot by Nick Schmaltz.
4:29 of 2nd period - Shot Blocked by Esa Lindell.
4:31 of 2nd period - Snap shot by Nick Schmaltz.
4:31 of 2nd period - Deflect By David Pastrnak.
4:31 of 2nd period - Shot Blocked by Brayden Schenn.
4:31 of 2nd period - Puck is out of play.
4:32 of 2nd period - Tim Stutzle wins face-off versus J.T. Compher in Anaheim Ducks zone.
4:41 of 2nd period - Slapshot by Ivan Provorov.
4:41 of 2nd period - Deflect By Nikita Kucherov.
4:41 of 2nd period - Stopped by Joey Daccord with a rebound.
5:40 of 2nd period - Brayden Schenn is hit by Tim Stutzle and loses puck.
6:06 of 2nd period - Penalty to Mark Scheifele is over, Mark Scheifele is back on ice.
6:10 of 2nd period - Icing by Mark Scheifele.
6:11 of 2nd period - Alexandre Texier wins face-off versus Philipp Kurashev in Anaheim Ducks zone.
6:11 of 2nd period - Alexandre Texier is hit by Vince Dunn.
6:29 of 2nd period - Timothy Liljegren is hit by Morgan Rielly and loses puck.
6:48 of 2nd period - Wrist shot by David Pastrnak.
6:48 of 2nd period - Stopped by Linus Ullmark with a rebound.
7:17 of 2nd period - Slapshot by Brayden Schenn.
7:17 of 2nd period - Shot Misses the Net.
9:22 of 2nd period - Off-side.
9:23 of 2nd period - Nazem Kadri wins face-off versus Nick Bonino in neutral zone.
10:14 of 2nd period - Snap shot by Nick Schmaltz.
10:14 of 2nd period - Shot Misses the Net.
10:16 of 2nd period - Slapshot by Vince Dunn.
10:16 of 2nd period - Deflect By Kyle Connor.
10:16 of 2nd period - Shot Blocked by Morgan Rielly.
10:16 of 2nd period - Puck is out of play.
10:17 of 2nd period - Tim Stutzle wins face-off versus Mark Scheifele in Anaheim Ducks zone.
10:18 of 2nd period - Snap shot by Jesper Bratt.
10:18 of 2nd period - Stopped by Linus Ullmark without a rebound.
10:19 of 2nd period - Tim Stutzle wins face-off versus Mark Scheifele in Anaheim Ducks zone.
10:28 of 2nd period - Quinn Hughes is hit by Esa Lindell and loses puck.
10:33 of 2nd period - Slapshot by John Tavares.
10:33 of 2nd period - Deflect By William Nylander.
10:33 of 2nd period - Shot Misses the Net.
10:33 of 2nd period - Puck is out of play.
10:34 of 2nd period - Philipp Kurashev wins face-off versus Nazem Kadri in Colorado Rockies zone.
11:23 of 2nd period - Esa Lindell is hit by Martin Fehervary and loses puck.
11:46 of 2nd period - Vince Dunn is hit by William Nylander and loses puck.
12:12 of 2nd period - J.T. Compher is hit by Nick Schmaltz and loses puck.
12:37 of 2nd period - Slapshot by Morgan Rielly.
12:37 of 2nd period - Stopped by Joey Daccord without a rebound.
12:38 of 2nd period - Tim Stutzle wins face-off versus Alexandre Texier in Colorado Rockies zone.
12:38 of 2nd period - Tim Stutzle is hit by Brenden Dillon.
12:53 of 2nd period - Slapshot by Josh Manson.
12:53 of 2nd period - Shot Blocked by Jesper Bratt.
13:09 of 2nd period - Slapshot by Quinn Hughes.
13:09 of 2nd period - Deflect By Kyle Palmieri.
13:09 of 2nd period - Shot Blocked by Brenden Dillon.
13:09 of 2nd period - Puck is out of play.
13:10 of 2nd period - Philipp Kurashev wins face-off versus Mark Scheifele in Anaheim Ducks zone.
13:44 of 2nd period - Icing by Alex Killorn.
13:45 of 2nd period - Nazem Kadri wins face-off versus Tim Stutzle in Anaheim Ducks zone.
13:52 of 2nd period - Nikita Kucherov is hit by Brayden Schenn and loses puck.
14:15 of 2nd period - Snap shot by Kyle Connor.
14:15 of 2nd period - Deflect By Mark Scheifele.
14:15 of 2nd period - Shot Misses the Net.
14:15 of 2nd period - Puck is out of play.
14:16 of 2nd period - Mark Scheifele wins face-off versus Nick Schmaltz in Anaheim Ducks zone.
14:43 of 2nd period - Slapshot by Mark Scheifele.
14:43 of 2nd period - Stopped by Joey Daccord without a rebound.
14:44 of 2nd period - Nazem Kadri wins face-off versus Nick Bonino in Colorado Rockies zone.
14:49 of 2nd period - Wrist shot by Michael Bunting.
14:49 of 2nd period - Stopped by Linus Ullmark with a rebound.
14:51 of 2nd period - Wrist shot by Nick Bonino.
14:51 of 2nd period - Stopped by Linus Ullmark with a rebound.
14:53 of 2nd period - Snap shot by Nikita Kucherov.
14:53 of 2nd period - Shot Misses the Net.
14:55 of 2nd period - Slapshot by Victor Hedman.
14:55 of 2nd period - Shot Misses the Net.
15:08 of 2nd period - Minor Penalty to Tim Stutzle for Interference.
15:09 of 2nd period - Kyle Palmieri wins face-off versus Mark Scheifele in Colorado Rockies zone.
16:01 of 2nd period - William Nylander is hit by Quinn Hughes and loses puck.
16:44 of 2nd period - Quinn Hughes is hit by Morgan Rielly and loses puck.
17:08 of 2nd period - Penalty to Tim Stutzle is over, Tim Stutzle is back on ice.
19:26 of 2nd period - Slapshot by Joshua Morrissey.
19:26 of 2nd period - Deflect By Luke Evangelista.
19:26 of 2nd period - Stopped by Joey Daccord without a rebound.
19:27 of 2nd period - Nick Schmaltz wins face-off versus Alexandre Texier in Colorado Rockies zone.
19:27 of 2nd period - Nick Schmaltz is hit by Alexandre Texier.
19:47 of 2nd period - Minor Penalty to Alexandre Texier for High sticking.
19:48 of 2nd period - J.T. Compher wins face-off versus Nick Schmaltz in Anaheim Ducks zone.
Goals for this period are 1 for Colorado Rockies vs 1 for Anaheim Ducks.
Shots for this period are 12 for Colorado Rockies vs 6 for Anaheim Ducks.
3rd period
0:01 of 3rd period - J.T. Compher wins face-off versus Tim Stutzle in neutral zone.
0:10 of 3rd period - Snap shot by J.T. Compher.
0:10 of 3rd period - Shot Blocked by Nikita Zadorov.
1:47 of 3rd period - Penalty to Alexandre Texier is over, Alexandre Texier is back on ice.
2:18 of 3rd period - Minor Penalty to Josh Manson for Tripping.
2:19 of 3rd period - Chandler Stephenson wins face-off versus Nick Schmaltz in Anaheim Ducks zone.
2:35 of 3rd period - Snap shot by David Pastrnak.
2:35 of 3rd period - Goal by David Pastrnak - Colorado Rockies : 3 - Anaheim Ducks : 2.
2:36 of 3rd period - Mark Scheifele wins face-off versus Tim Stutzle in neutral zone.
4:23 of 3rd period - Wrist shot by David Pastrnak.
4:23 of 3rd period - Goal by David Pastrnak - Colorado Rockies : 4 - Anaheim Ducks : 2.
4:24 of 3rd period - Tim Stutzle wins face-off versus Mark Scheifele in neutral zone.
4:55 of 3rd period - Off-side.
4:56 of 3rd period - Nazem Kadri wins face-off versus Nick Schmaltz in neutral zone.
5:14 of 3rd period - Wrist shot by Alex Killorn.
5:14 of 3rd period - Stopped by Joey Daccord with a rebound.
5:18 of 3rd period - Wrist shot by Brayden Schenn.
5:18 of 3rd period - Shot Blocked by Kyle Connor.
5:24 of 3rd period - Nikita Zadorov is hit by Alex Killorn and loses puck.
5:45 of 3rd period - Wrist shot by Nazem Kadri.
5:45 of 3rd period - Deflect By Kyle Connor.
5:45 of 3rd period - Stopped by Joey Daccord without a rebound.
5:46 of 3rd period - Mark Scheifele wins face-off versus Tim Stutzle in Colorado Rockies zone.
5:49 of 3rd period - Snap shot by William Nylander.
5:49 of 3rd period - Stopped by Joey Daccord without a rebound.
5:50 of 3rd period - Tim Stutzle wins face-off versus Mark Scheifele in Colorado Rockies zone.
6:08 of 3rd period - Double Minor Penalty to Mark Scheifele for Roughing.
6:09 of 3rd period - J.T. Compher wins face-off versus Tim Stutzle in Anaheim Ducks zone.
7:04 of 3rd period - Snap shot by Chandler Stephenson.
7:04 of 3rd period - Shot Misses the Net.
9:01 of 3rd period - Kyle Connor is hit by Ivan Provorov and loses puck.
9:49 of 3rd period - Icing by Evgeny Kuznetsov.
9:50 of 3rd period - Tim Stutzle wins face-off versus Brayden Schenn in Colorado Rockies zone.
10:08 of 3rd period - Penalty to Mark Scheifele is over, Mark Scheifele is back on ice.
10:24 of 3rd period - Off-side.
10:25 of 3rd period - Mark Scheifele wins face-off versus Philipp Kurashev in neutral zone.
11:00 of 3rd period - Ivan Provorov is hit by Tim Stutzle and loses puck.
11:13 of 3rd period - J.T. Compher is hit by Kyle Palmieri.
11:31 of 3rd period - Ivan Provorov is hit by Nick Schmaltz and loses puck.
12:00 of 3rd period - Slapshot by William Nylander.
12:00 of 3rd period - Shot Misses the Net.
12:04 of 3rd period - Slapshot by Mark Scheifele.
12:04 of 3rd period - Deflect By John Tavares.
12:04 of 3rd period - Stopped by Joey Daccord with a rebound.
12:08 of 3rd period - Slapshot by William Nylander.
12:08 of 3rd period - Shot Misses the Net.
13:02 of 3rd period - Kyle Connor is hit by Chandler Stephenson and loses puck.
13:07 of 3rd period - Wrist shot by Mason Marchment.
13:07 of 3rd period - Shot Misses the Net.
13:31 of 3rd period - Jesper Bratt is hit by Nazem Kadri and loses puck.
13:46 of 3rd period - Kyle Palmieri is hit by John Tavares and loses puck.
14:01 of 3rd period - Alexey Toropchenko is hit by David Pastrnak and loses puck.
15:24 of 3rd period - Nick Schmaltz is hit by Joshua Morrissey and loses puck.
15:29 of 3rd period - Wrist shot by Nazem Kadri.
15:29 of 3rd period - Shot Blocked by David Pastrnak.
15:45 of 3rd period - Kyle Palmieri is hit by Alexey Toropchenko and loses puck.
15:50 of 3rd period - Backhand shot by Alexandre Texier.
15:50 of 3rd period - Stopped by Joey Daccord with a rebound.
16:17 of 3rd period - Joshua Morrissey is hit by Timothy Liljegren and loses puck.
16:41 of 3rd period - Ivan Provorov is hit by Kyle Palmieri.
16:45 of 3rd period - William Nylander is hit by Victor Hedman and loses puck.
17:34 of 3rd period - Snap shot by William Nylander.
17:34 of 3rd period - Stopped by Joey Daccord without a rebound.
17:35 of 3rd period - Chandler Stephenson wins face-off versus Nick Bonino in Colorado Rockies zone.
17:38 of 3rd period - Slapshot by Chandler Stephenson.
17:38 of 3rd period - Stopped by Joey Daccord without a rebound.
17:39 of 3rd period - Chandler Stephenson wins face-off versus Michael Bunting in Colorado Rockies zone.
17:40 of 3rd period - Wrist shot by J.T. Compher.
17:40 of 3rd period - Stopped by Joey Daccord with a rebound.
17:42 of 3rd period - Snap shot by Mason Marchment.
17:42 of 3rd period - Deflect By Chandler Stephenson.
17:42 of 3rd period - Shot Misses the Net.
17:42 of 3rd period - Puck is out of play.
17:43 of 3rd period - Nick Bonino wins face-off versus J.T. Compher in Colorado Rockies zone.
17:43 of 3rd period - Nick Bonino is hit by Esa Lindell.
18:09 of 3rd period - Slapshot by Joshua Morrissey.
18:09 of 3rd period - Stopped by Joey Daccord with a rebound.
18:11 of 3rd period - Snap shot by J.T. Compher.
18:11 of 3rd period - Stopped by Joey Daccord without a rebound.
18:12 of 3rd period - Mark Scheifele wins face-off versus Nick Schmaltz in Colorado Rockies zone.
18:21 of 3rd period - Wrist shot by Mark Scheifele.
18:21 of 3rd period - Deflect By William Nylander.
18:21 of 3rd period - Shot Misses the Net.
18:21 of 3rd period - Puck is out of play.
18:22 of 3rd period - Mark Scheifele wins face-off versus Nick Schmaltz in Colorado Rockies zone.
18:49 of 3rd period - William Nylander is hit by Kyle Connor and loses puck.
18:58 of 3rd period - Kyle Connor is hit by Josh Manson and loses puck.
19:04 of 3rd period - Minor Penalty to Quinn Hughes for Hooking.
19:05 of 3rd period - Nazem Kadri wins face-off versus Jesper Bratt in Colorado Rockies zone.
19:21 of 3rd period - Slapshot by Joshua Morrissey.
19:21 of 3rd period - Shot Blocked by Victor Hedman.
Goals for this period are 2 for Colorado Rockies vs 0 for Anaheim Ducks.
Shots for this period are 2 for Colorado Rockies vs 10 for Anaheim Ducks.
Back to the Top